Map: Orbital Shipyard

Players

PlaneSite - Winner!

  • Race: Protoss Protoss
  • League: Master

YoshI

  • Race: Protoss Protoss
  • League: Master

VOD

Have the link to the VOD?

Description

Time

  • Played on: Jan. 13, 2016, 12:40 a.m.
  • Length: 6:35
Show
View Real Time Build Order
Export as new Build Order

PlaneSite Protoss - Winner!

Build Orders: 1 Gate Expand, Dark Templar Rush 

Get SALT Encoding   

  12  0:01  Probe (Chrono Boost)  
  13  0:11  Probe (Chrono Boost)  
  14  0:22  Probe (Chrono Boost)  
  14  0:23  Pylon  
  15  0:41  Probe (Chrono Boost)  
  15  0:42  Gateway  
  16  0:52  Probe (Chrono Boost)  
  16  0:53  Assimilator  
  17  1:02  Probe (Chrono Boost)  
  18  1:13  Probe (Chrono Boost)  
  19  1:23  Probe (Chrono Boost)  
  20  1:30  Nexus  
  20  1:34  Probe (Chrono Boost)  
  20  1:39  Cybernetics Core  
  21  1:49  Probe (Chrono Boost), Assimilator  
  22  1:59  Pylon  
  22  2:00  Probe (Chrono Boost)  
  23  2:24  Gateway  
  23  2:27  Mothership Core (Chrono Boost)  
  23  2:28  Pylon  
  24  2:38  Warp Gate (Chrono Boost)  
  24  2:45  Probe (Chrono Boost)  
  25  2:52  Twilight Council  
  25  2:56  Probe (Chrono Boost)  
  25  2:57  Forge  
  26  3:04  Probe (Chrono Boost)  
  27  3:10  Pylon  
  27  3:13  Probe (Chrono Boost)  
  28  3:20  Probe (Chrono Boost)  
  28  3:23  Probe (Chrono Boost)  
  30  3:31  Photon Cannon  
  30  3:44  Dark Shrine  
  30  3:45  Probe (Chrono Boost), Photon Cannon  
  31  3:49  Probe (Chrono Boost)  
  32  3:56  Probe (Chrono Boost)  
  32  3:59  Probe (Chrono Boost)  
  34  4:06  Probe (Chrono Boost)  
  34  4:09  Probe (Chrono Boost)  
  36  4:18  Probe  
  37  4:28  Probe, Robotics Facility  
  38  4:35  Assimilator  
  38  4:36  Pylon  
  38  4:40  Assimilator  
  38  4:42  Probe  
  39  5:16  Dark Templar x2  
  39  5:18  Probe  
  39  5:19  Probe  
  45  5:28  Probe  
  44  5:38  Probe  
  44  5:40  Immortal  
  49  5:43  Pylon  
  49  5:49  Dark Templar x2  
  53  5:54  Probe  
  53  5:56  Pylon  
  48  6:23  Dark Templar  
Show
View Real Time Build Order
Export as new Build Order

YoshI Protoss 

Build Orders: Dark Templar Rush 

Get SALT Encoding   

  12  0:01  Probe (Chrono Boost)  
  13  0:12  Probe (Chrono Boost)  
  14  0:18  Pylon  
  14  0:22  Probe (Chrono Boost)  
  15  0:36  Probe (Chrono Boost)  
  15  0:41  Gateway  
  16  0:46  Assimilator  
  16  0:47  Probe (Chrono Boost)  
  17  0:52  Assimilator  
  17  0:57  Probe (Chrono Boost)  
  18  1:08  Probe (Chrono Boost)  
  18  1:10  Pylon  
  19  1:18  Probe (Chrono Boost)  
  20  1:29  Cybernetics Core, Probe (Chrono Boost)  
  21  1:42  Gateway  
  21  1:51  Pylon  
  20  2:09  Twilight Council  
  20  2:11  Mothership Core (Chrono Boost)  
  20  2:12  Warp Gate (Chrono Boost)  
  21  2:29  Gateway  
  21  2:30  Probe  
  22  2:46  Dark Shrine  
  22  2:55  Gateway  
  22  2:58  Probe  
  23  3:06  Pylon  
  22  3:40  Probe  
  23  4:03  Dark Templar x2  
  23  4:04  Dark Templar x2  
  31  4:13  Pylon  
  27  4:26  Probe (Chrono Boost)  
  28  4:36  Stalker x3  
  34  4:42  Gateway  
  34  5:04  Stalker  
  34  5:05  Stalker  
  38  5:08  Stalker  
  40  5:17  Pylon  
  34  5:38  Stalker x2  
  34  5:39  Stalker  
Tags
 
Add a new tag
Caveats
  • Supply blocks, unpowered buildings, or Contaminate may cause inaccurate times.
  • Supply counts are checked every 10 seconds.